 Dungeon Crawl Stone Soup version 0.24.0-13-gcf9b319 (webtiles) character file.

Game seed: 631629566315188739, levelgen mode: deterministic

991 Bronimir the Conjurer (level 8, -3/44 HPs)
             Began as a Kobold Conjurer on Apr 15, 2020.
             Was an Initiate of Vehumet.
             Slain by Eustachio
             ... wielding a +1 rapier of speed
              (10 damage)
             ... on level 5 of the Dungeon.
             The game lasted 00:16:51 (6844 turns).

Bronimir the Conjurer (Kobold Conjurer)             Turns: 6844, Time: 00:16:52

Health: -3/44      AC:  3    Str:  6    XL:     8   Next: 42%
Magic:  2/14       EV: 17    Int: 18    God:    Vehumet [......]
Gold:   288        SH:  0    Dex: 15    Spells: 1/15 levels left

rFire    . . .     SeeInvis .   a - +0 short sword (flame)
rCold    . . .     Gourm    .   (shield restricted)
rNeg     . . .     Faith    .   k - +0 robe
rPois    .         Spirit   .   (no helmet)
rElec    .         Reflect  .   F - +0 cloak
rCorr    .         Harm     .   (no gloves)
MR       .....                  (no boots)
Stlth    ++........             (no amulet)
HPRegen  0.14/turn              (no ring)
MPRegen  0.14/turn              (no ring)

@: very slightly contaminated
A: small, carnivore
a: Renounce Religion


You were on level 5 of the Dungeon.
You worshipped Vehumet.
Vehumet was noncommittal.
You were full.

You visited 2 branches of the dungeon, and saw 6 of its levels.

You collected 288 gold pieces.

Inventory:

Hand Weapons
 a - a +0 short sword of flaming (weapon)
 b - a +0 hunting sling
 C - a +1 whip of flaming
 E - a +3 quarterstaff of chaos
Missiles
 h - 51 arrows
 i - 101 stones (quivered)
 l - 25 sling bullets
 s - 9 bolts
Armour
 j - a +0 ring mail
 k - a +0 robe (worn)
 F - a +0 cloak (worn)
Jewellery
 v - an uncursed ring of positive energy {unknown}
Wands
 A - a wand of iceblast (7)
 D - a wand of digging (7)
Scrolls
 e - 2 scrolls of teleportation {unknown}
 n - a scroll of immolation {unknown}
 p - 2 scrolls of fear {unknown}
 q - 2 scrolls of identify {unknown}
 x - a scroll of enchant armour {unknown}
 y - a scroll of noise {unknown}
 z - 2 scrolls of remove curse {unknown}
 B - a scroll of amnesia {unknown}
Potions
 d - a potion of agility {unknown}
 g - 2 potions of curing {unknown}
 m - a potion of heal wounds
 o - 2 potions of mutation {unknown}
 r - 3 potions of brilliance {unknown}
 u - a potion of might
Comestibles
 c - 8 rations


   Skills:
 + Level 2.1 Fighting
 + Level 1.4 Short Blades
 + Level 4.9 Slings
 * Level 5.1 Dodging
 - Level 2.6 Stealth
 * Level 4.3 Spellcasting
 * Level 6.1 Conjurations


You had one spell level left.
You knew the following spells:

 Your Spells              Type           Power        Failure   Level  Hunger
a - Magic Dart            Conj           ####         1%          1    None
b - Searing Ray           Conj           ####..       1%          2    ##.....
c - Dazzling Spray        Conj/Hex       ###...       12%         3    ###....
d - Iskenderun's Mystic   Conj           ####....     12%         4    ####...
e - Force Lance           Conj/Tloc      ###.....     36%         4    ####...

Your spell library contained the following spells:

 Spells                   Type           Power        Failure   Level  Hunger
 Conjure Flame            Conj/Fire      ###.....     12%         3    ###....
 Mephitic Cloud           Conj/Pois/Air  ##......     19%         3    ###....
 Blink                    Tloc           N/A          22%         2    ##.....
 Call Imp                 Summ           #.......     22%         2    ##.....
 Slow                     Hex            #.......     22%         2    ##.....
 Fulminant Prism          Conj/Hex       ###.......   36%         4    ####...


Dungeon Overview and Level Annotations

Branches:
Dungeon (5/15)             Temple (1/1) D:5

Altars:
Ashenzari
Dithmenos
Fedhas
Makhleb
Nemelex Xobeh
Sif Muna
Vehumet
Xom
Yredelemnul
The Shining One

Annotations:
D:4 3 runed translucent doors, axecop's ghost, amateur NaWn
D:5 Eustachio


Innate Abilities, Weirdness & Mutations

You are small and have problems with some larger weapons.
You are carnivorous and can eat meat at any time.


Message History

You hit Eustachio. You burn Eustachio.
Eustachio is almost dead.
Eustachio hits you with a +1 rapier of speed.
You closely miss Eustachio.
Eustachio is almost dead.
Eustachio mumbles some strange words.
You miss Eustachio.
Eustachio is almost dead.
The bat barely misses you. Eustachio closely misses you.
The quokka barely misses you.
You barely miss Eustachio.
Eustachio is almost dead.
The bat misses you.
Eustachio hits you with a +1 rapier of speed!
* * * LOW HITPOINT WARNING * * *
The bat hits you but does no damage. The bat completely misses you.
The quokka bites you.
* * * LOW HITPOINT WARNING * * *
Eustachio hits you with a +1 rapier of speed!
You die...

.#
###..##...........#
##.. ..#
#..............##
..# #............#..
#..#
##........(#.#.#
#..#
#..............# #
#......##..##...##.#
###.##
#....>####.##.b.##.#
..#.. ##...##
#.....r...####...#
#...
#....@@.........#
.....
#.....r....#....#
......
#..##...##......#
......
#..##...##.#....#
#...............#
#.##..............#
...
############.....#
.# ......< ....$..


You could see Eustachio, 2 quokkas and a bat.

Vanquished Creatures
  Pikel (D:4)
  A slave (D:4)
  An ogre (D:5)
  A jelly (D:5)
  Crazy Yiuf (D:4)
  Jessica (D:3)
  Natasha (D:2)
  Terence (D:2)
  A worker ant (D:4)
  4 orc wizards
  5 adders
  3 gnolls (D:2)
  An ooze (D:3)
  An adder zombie (D:2)
  2 dart slugs
  4 leopard geckos
  16 orcs
  2 ball pythons
  3 giant cockroaches
  5 hobgoblins
  3 jackals (D:3)
  9 kobolds
  2 quokkas (D:2)
  8 bats
  8 frilled lizards
  8 goblins
  A leopard gecko skeleton (D:5)
  A quokka skeleton (D:4)
  13 rats
108 creatures vanquished.

Notes
Turn   | Place    | Note
-------+----------+-------------------------------------------
     0 | D:1      | Bronimir the Kobold Conjurer began the quest for the Orb.
     0 | D:1      | Reached XP level 1. HP: 10/10 MP: 3/3
   475 | D:1      | Reached XP level 2. HP: 15/15 MP: 1/5
   830 | D:1      | Learned a level 2 spell: Searing Ray
  1276 | D:2      | Reached XP level 3. HP: 19/19 MP: 1/6
  1393 | D:2      | Noticed Terence
  1451 | D:2      | Killed Terence
  1451 | D:2      | Reached skill level 5 in Conjurations
  1451 | D:2      | Reached XP level 4. HP: 11/24 MP: 1/8
  2321 | D:2      | Noticed Natasha
  2347 | D:2      | Killed Natasha
  2347 | D:2      | Reached XP level 5. HP: 28/28 MP: 9/9
  2473 | D:2      | Reached skill level 1 in Short Blades
  3350 | D:3      | Reached skill level 1 in Slings
  3350 | D:3      | Reached XP level 6. HP: 27/33 MP: 7/11
  3891 | D:3      | Learned a level 3 spell: Dazzling Spray
  3896 | D:3      | Learned a level 4 spell: Iskenderun's Mystic Blast
  4434 | D:3      | Found a glowing golden altar of the Shining One.
  4435 | D:3      | Found a burning altar of Makhleb.
  4488 | D:3      | Noticed Jessica
  4495 | D:3      | Killed Jessica
  5019 | D:4      | Reached skill level 1 in Fighting
  5165 | D:4      | Found a runed translucent gate.
  5165 | D:4      | Found a runed translucent gate.
  5165 | D:4      | Found a runed translucent gate.
  5165 | D:4      | Noticed axecop's ghost (amateur NaWn)
  5597 | D:4      | Found a runed translucent door.
  5598 | D:4      | Noticed Crazy Yiuf
  5651 | D:4      | Noticed a slave
  5652 | D:4      | Noticed Pikel
  5653 | D:4      | Noticed a slave
  5654 | D:4      | Noticed a slave
  5667 | D:4      | Killed a slave
  5669 | D:4      | Noticed a slave
  5717 | D:4      | Killed Pikel
  5717 | D:4      | Reached skill level 6 in Conjurations
  5717 | D:4      | Reached XP level 7. HP: 17/39 MP: 2/13
  5717 | D:4      | Reached XP level 8. HP: 19/44 MP: 2/14
  5944 | D:4      | Killed Crazy Yiuf
  6230 | D:4      | Learned a level 4 spell: Force Lance
  6233 | D:5      | Entered Level 5 of the Dungeon
  6501 | D:5      | Reached skill level 5 in Dodging
  6551 | D:5      | Found a staircase to the Ecumenical Temple.
  6567 | Temple   | Entered the Ecumenical Temple
  6608 | Temple   | Became a worshipper of Vehumet
  6668 | D:5      | Noticed Eustachio
  6844 | D:5      | Slain by Eustachio

Levels and vault maps discovered:
D:1:      scummos_arrival_simple_fountains, layout_loops_cross, serial_forest,
          infiniplex_forest_clump_diagonal, infiniplex_forest_lined_3_way,
          infiniplex_forest_clump_cross, infiniplex_forest_clump_small,
          infiniplex_forest_end_2, infiniplex_forest_3_way,
          infiniplex_forest_lined_room_2
D:2:      minmay_razor_zed, layout_basic, first_ration, uniq_natasha,
          uniq_terence
D:3:      layout_basic, gammafunk_temple_overflow_statue, uniq_jessica
D:4:      layout_layer_cave, gammafunk_ghost_necromancy,
          uniq_crazy_yiuf_cottage, uniq_pikel
D:5:      layout_layer_cave, minmay_temple_entry_stoned_glass,
          minmay_misc_feat_chi, uniq_eustachio
Temple:   minmay_crystal_spiral_temple

Skill      XL: |  1  2  3  4  5  6  7  8 |
---------------+-------------------------+-----
Conjurations   | 5 6 |  6.1
Dodging        | 3 4 5 |  5.1
Spellcasting   | 3 4 |  4.3
Short Blades   | 1 |  1.4
Slings         | 1 4 |  4.9
Fighting       | 1 2 |  2.1
Stealth        | |  2.6

Action                   |  1- 3 |  4- 6 |  7- 9 || total
-------------------------+-------+-------+-------++-------
Melee: Short sword       |    13 |    82 |     4 ||    99
 Fire: Hunting sling     |       |   151 |    17 ||   168
 Cast: Magic Dart        |    40 |    40 |    17 ||    97
       Searing Ray       |     1 |    14 |     7 ||    22
       Dazzling Spray    |       |       |     2 ||     2
Evoke: Wand              |       |       |     1 ||     1
  Use: Potion            |       |     3 |       ||     3
 Stab: Sleeping          |       |     4 |       ||     4
  Eat: Chunk             |     4 |    17 |     3 ||    24
Armor: Robe              |     2 |    16 |     2 ||    20
       Skin              |       |    16 |       ||    16
Dodge: Dodged            |    24 |   178 |    20 ||   222
